 Dungeon Crawl Stone Soup version 0.29-a0-334-gb41bcbb86e (webtiles) character file.

Game seed: 224841164717031015

539 Psyclone the Frost Mage (level 7, -4/36 HPs)
             Began as an Octopode Ice Elementalist on Apr 13, 2022.
             Was an Initiate of Gozag.
             Slain by Menkaure (15 damage)
             ... on level 6 of the Dungeon.
             The game lasted 00:08:27 (3767 turns).

Psyclone the Frost Mage (Octopode Ice Elementalist) Turns: 3767, Time: 00:08:28

Health: -4/36      AC:  8    Str:  8    XL:     7   Next: 26%
Magic:  4/10       EV: 13    Int: 19    God:    Gozag
Gold:   190        SH:  0    Dex: 14    Spells: 3/10 levels left

rFire   . . .      SeeInvis .   a - +1 dagger (drain)
rCold   . . .      Faith    .   (no shield)
rNeg    . . .      Spirit   .   (helmet restricted)
rPois   .          Reflect  .   (no amulet)
rElec   .          Harm     .   (no ring)
rCorr   .          Rampage  .   (no ring)
Will    .....                   (no ring)
Stlth   +++.......              (no ring)
HPRegen 0.12/turn               (no ring)
MPRegen 0.12/turn               (no ring)
                                (no ring)
                                (no ring)

@: ice-armoured, freezing walls
A: almost no armour, amphibious, 8 rings, camouflage 1, gelatinous body 1,
(nimble swimmer 1), tentacles, agile 1, frail 1
a: Renounce Religion, Potion Petition, Call Merchant, Bribe Branch


You were on level 6 of the Dungeon.
You worshipped Gozag.
Gozag was aware of your devotion.
You visited 2 branches of the dungeon, and saw 7 of its levels.

You collected 333 gold pieces.
You paid 143 gold pieces to Gozag.

Inventory:

Hand Weapons
 a - a +1 dagger of draining (weapon)
 g - a +0 dagger of speed
Jewellery
 m - a ring of see invisible
Wands
 b - a wand of flame (16)
Scrolls
 c - 5 scrolls of identify {@r1}
 d - a scroll of teleportation
 f - a scroll of torment
 h - 3 scrolls of immolation
 k - 2 scrolls of amnesia
 n - a scroll of blinking {unknown}
Potions
 e - a potion of magic
 i - a potion of resistance
 j - 3 potions of curing
 l - a potion of lignification


   Skills:
 - Level 2.0 Dodging
 - Level 2.6 Stealth
 - Level 2.0 Spellcasting
 + Level 8.6 Ice Magic


You had 3 spell levels left.
You knew the following spells:

 Your Spells              Type           Power      Damage    Failure   Level
a - Freeze                Ice            100%       1d11      1%          1
b - Frozen Ramparts       Ice            68%        1d8       1%          3
c - Ozocubu's Armour      Ice            34%        N/A       1%          3

Your spell library contained the following spells:

 Spells                   Type           Power      Damage    Failure   Level
 Hailstorm                Conj/Ice       18%        3d6       28%         4


Dungeon Overview and Level Annotations

Branches:
Dungeon (7/15)             Temple (1/1) D:6

Altars:
Ashenzari
Fedhas
Gozag
Kikubaaqudgha
Makhleb
Ru
Sif Muna
Wu Jian

Annotations:
D:6 Menkaure


Innate Abilities, Weirdness & Mutations

You cannot wear most types of armour.
You are amphibious.
You can wear up to eight rings at the same time.
Your skin changes colour to match your surroundings (Stealth+).
Your rubbery body absorbs attacks. (AC +1, EV +1)
((You are camouflaged when in or above water. (Stealth+)))
You have tentacles for arms and can constrict up to eight enemies at once.
You are agile. (Dex +2)
You are frail. (-10% HP)


Message History

You kill the adder!
The frozen ramparts melt away as you move.
You now have 190 gold pieces (gained 8).
Health restored: 36
k - 2 scrolls of amnesia (gained 1)
Found a hand axe.
You hear the brisk rusting of a very distant drain.
Menkaure, Prince of Dust comes into view.
You see here a +0 hand axe.
Casting: Frozen Ramparts (safe; 1% risk of failure)
Confirm with . or Enter, or press ? or * to list all spells.
A film of ice covers your body!
You now have 7/10 mp.
Casting: Ozocubu's Armour (safe; 1% risk of failure)
Confirm with . or Enter, or press ? or * to list all spells.
Casting: Frozen Ramparts (safe; 1% risk of failure)
Press: ? - help, Dir - look around, f - activate The walls around you are covered in ice.
Menkaure resists.
The wall freezes Menkaure.
Menkaure calls on the powers of darkness!
Your body is wracked with pain!
You take 17 damage, and have 19/36 hp.
MASSIVE DAMAGE!!
You now have 4/10 mp.
Menkaure resists.
The wall freezes Menkaure.
Menkaure gestures wildly while chanting.
Menkaure seems to speed up.
Menkaure resists.
The wall freezes Menkaure.
You hit Menkaure but do no damage. Your grab misses Menkaure.
You squeeze Menkaure, but do no damage.
Menkaure is moderately damaged.
Menkaure resists.
The wall freezes Menkaure.
Menkaure calls on the powers of darkness!
Your body is wracked with pain!
You take 8 damage, and have 11/36 hp.
MASSIVE DAMAGE!!
You hit Menkaure but do no damage. You grab Menkaure.
Menkaure is heavily damaged.
You constrict Menkaure.
Menkaure resists.
The wall freezes Menkaure.
Menkaure hits you but does no damage.
Menkaure resists.
The wall freezes Menkaure.
Menkaure hits you!
You die...
Your body crumbles into a pile of gold.

$ #.# #.# #.# #.# #.#
#.# #.# #######@######
##########....)..M......
........##..........####
........##..........#
.....................#
........##...........#
........##...........#
######.###...........#
## #.# ###########>.


You could see Menkaure (fast).

Vanquished Creatures
  A phantom (D:6)
  A scorpion (D:6)
  A wight (D:4)
  A howler monkey (D:6)
  An orc priest (D:4)
  A hound (D:6)
  An iguana (D:4)
  3 orc wizards (D:4)
  8 adders
  2 dart slugs
  7 orcs
  4 bats
  5 endoplasms
  4 giant cockroaches
  5 hobgoblins
  5 jackals
  9 kobolds
  A quokka (D:4)
  10 ball pythons
  A frilled lizard (D:1)
  7 goblins
  8 rats
86 creatures vanquished.

Notes
Turn   | Place    | Note
-------+----------+-------------------------------------------
     0 | D:1      | Psyclone the Octopode Ice Elementalist began the quest for
                  | the Orb.
     0 | D:1      | Reached XP level 1. HP: 11/11 MP: 3/3
   200 | D:1      | Reached XP level 2. HP: 15/17 MP: 5/5
   243 | D:1      | Found a faded altar of an unknown god.
   513 | D:1      | Gained mutation: You are agile. (Dex +2) [potion of
                  | mutation]
   513 | D:1      | Gained mutation: You are frail. (-10% HP) [potion of
                  | mutation]
   718 | D:1      | Reached XP level 3. HP: 17/18 MP: 6/6
  1216 | D:2      | Reached skill level 5 in Ice Magic
  1440 | D:2      | Learned a level 3 spell: Frozen Ramparts
  1694 | D:2      | Identified the +1 ring mail "Irilaerph" {rC+ Str-3 Int+5
                  | SInv}
  1760 | D:2      | Reached XP level 4. HP: 23/24 MP: 3/7
  2364 | D:3      | Learned a level 3 spell: Ozocubu's Armour
  2635 | D:3      | Found a sacrificial altar of Ru.
  2872 | D:3      | Reached skill level 6 in Ice Magic
  2915 | D:4      | Reached XP level 5. HP: 26/27 MP: 4/8
  3057 | D:4      | Reached skill level 7 in Ice Magic
  3058 | D:4      | Reached XP level 6. HP: 25/32 MP: 5/9
  3211 | D:4      | Found a burning altar of Makhleb.
  3397 | D:4      | You fall into a shaft and drop 3 floors!
  3538 | D:6      | Found a staircase to the Ecumenical Temple.
  3556 | D:6      | Reached skill level 8 in Ice Magic
  3556 | D:6      | Reached XP level 7. HP: 17/36 MP: 2/10
  3563 | Temple   | Entered the Ecumenical Temple
  3583 | Temple   | Became a worshipper of Gozag Ym Sagoz the Greedy
  3759 | D:6      | Noticed Menkaure
  3767 | D:6      | Slain by Menkaure

Illustrated notes

Levels and vault maps discovered:
D:1:      dpeg_arrival_refuge, layout_basic, hellmonk_ecumenical_altar_blasted
D:2:      layout_basic, nicolae_figureground_pulse
D:3:      layout_basic, mainiacjoe_overflow_boulevard
D:4:      layout_rooms, mainiacjoe_overflow_24_doors, uniq_sigmund
D:6:      layout_basic, minmay_temple_entry_mist, serial_curves, eino_curves_04,
          eino_curves_03, portal_sewer_entry_e, kennysheep_generic_room_4,
          uniq_menkaure
D:7:      layout_loops_ring, enter_bailey_2
Temple:   regret_index_temple_chain_breaker

Skill      XL: |  1  2  3  4  5  6 |
---------------+-------------------+-----
Ice Magic      | 5 6 7 8 |  8.6
Dodging        | |  2.0
Stealth        | |  2.6
Spellcasting   | |  2.0

Action                   |  1- 3 |  4- 6 |  7- 9 || total
-------------------------+-------+-------+-------++-------
Melee: Dagger            |    39 |    74 |     8 ||   121
       Constrict         |    12 |    19 |     3 ||    34
       Tentacles         |     8 |    17 |     2 ||    27
       Unarmed           |     3 |       |       ||     3
       Punch             |       |     2 |     1 ||     3
 Cast: Freeze            |     7 |     4 |       ||    11
       Frozen Ramparts   |     4 |    11 |     2 ||    17
       Ozocubu's Armour  |       |     5 |     1 ||     6
  Use: Scroll            |     5 |     2 |       ||     7
       Potion            |     3 |     2 |       ||     5
 Stab: Sleeping          |     8 |     4 |     2 ||    14
Armor: Skin              |     8 |    13 |     1 ||    22
Dodge: Dodged            |    24 |    49 |     2 ||    75

Table legend: (Time is in decaauts)
 A = Elapsed time spent in this place.
 B = Non-inter-level travel time spent in this place.
 C = Inter-level travel time spent in this place.
 D = Time resting spent in this place.
 E = Time spent auto-exploring this place.
 F = Levels seen in this place.
 G = Mean time per level.
                   A        B        C        D        E       F      G
               +--------+--------+--------+--------+--------+-----+--------+
         Total |   3765 |   3556 |    209 |    173 |   2570 |   7 |  537.9 |
       Dungeon |   3724 |   3535 |    189 |    173 |   2570 |   6 |  620.7 |
        Temple |     40 |     20 |     20 |      0 |      0 |   1 |   40.0 |
               +--------+--------+--------+--------+--------+-----+--------+

Top non-repeatable levels by time:
     D:1: 1210 daAuts
     D:2: 1108 daAuts
     D:3: 587 daAuts
     D:4: 488 daAuts
     D:6: 288 daAuts
  Temple: 40 daAuts
     D:7: 40 daAuts
